 Dungeon Crawl Stone Soup version 0.29.1-15-g9cfb28693d (webtiles) character file.

Game seed: 1405148298656170250

1667 Heoruswealwe the Thaumaturge (level 8, -1/41 HPs)
             Began as a Deep Elf Earth Elementalist on Apr 17, 2023.
             Was a Believer of Sif Muna.
             Slain by a gnoll
             ... wielding a +0 trident
              (7 damage)
             ... in a bailey.
             The game lasted 01:12:40 (6544 turns).

Heoruswealwe the Thaumaturge (DEEE)                 Turns: 6544, Time: 01:12:40

Health: -1/41      AC:  8    Str:  5    XL:     8   Next: 69%
Magic:  33/33      EV:  6    Int: 32    God:    Sif Muna [**....]
Gold:   318        SH:  0    Dex: 15    Spells: 18/28 levels left

rFire   . . .      SeeInvis .   b - +5 hammer of Cakkyukkodd {flame, MP+9}
rCold   + . .      Faith    .   (no shield)
rNeg    . . .      Spirit   .   c - +2 robe of the Amoeba {Fly rElec rC+ Int+3}
rPois   .          Reflect  .   g - +0 helmet
rElec   +          Harm     .   h - +0 cloak
rCorr   .          Rampage  .   f - +0 pair of gloves
Will    .....                   e - +0 pair of boots
Stlth   +.........              i - amulet of magic regeneration
HPRegen 0.13/turn               k - +6 ring of intelligence
MPRegen 0.63/turn               j - ring of wizardry

@: confused, ambrosia-drunk, flying, held
A: no striking features
a: Renounce Religion, Channel Magic


You were in a bailey.
You worshipped Sif Muna.
Sif Muna was pleased with you.
You visited 1 branch of the dungeon, and saw 7 of its levels.
You also visited: Bailey.

You collected 318 gold pieces.

Inventory:

Hand Weapons
 b - the +5 hammer of Cakkyukkodd (weapon) {flame, MP+9}
   (You found it on level 7 of the Dungeon)

   It burns those it strikes, dealing additional fire damage.
   MP:        It affects your magic capacity (+9).
 C - a +4 spectral demon whip
Armour
 c - the +2 robe of the Amoeba (worn) {Fly rElec rC+ Int+3}
   (You found it on level 3 of the Dungeon)

   Int:       It affects your intelligence (+3).
   rC:        It protects you from cold.
   rElec:     It insulates you from electricity.
   Fly:       It grants you flight.
 e - a +0 pair of boots (worn)
 f - a +0 pair of gloves (worn)
 g - a +0 helmet (worn)
 h - a +0 cloak (worn)
Magical Staves
 o - a staff of cold
Jewellery
 i - an amulet of magic regeneration (around neck)
 j - a ring of wizardry (right hand)
 k - a +6 ring of intelligence (left hand)
 r - a ring of poison resistance
Wands
 w - a wand of light (10)
 y - a wand of flame (14)
Scrolls
 m - 2 scrolls of teleportation
 p - 2 scrolls of blinking
 x - a scroll of fear {unknown}
 A - a scroll of amnesia
 B - a scroll of enchant armour
Potions
 d - a potion of curing
 l - 2 potions of lignification {unknown}
 n - a potion of flight {unknown}
 q - a potion of might {unknown}
 s - a potion of brilliance {unknown}
 t - 3 potions of heal wounds {unknown}
 u - 3 potions of mutation {unknown}
 v - a potion of magic
 z - a potion of invisibility {unknown}


   Skills:
 - Level 2.4 Dodging
 - Level 2.4 Stealth
 + Level 10.6 Spellcasting
 - Level 1.1 Transmutations
 + Level 9.2 Earth Magic


You had 18 spell levels left.
You knew the following spells:

 Your Spells              Type           Power      Damage    Failure   Level
a - Sandblast             Erth           100%       2d20      1%          1
b - Stone Arrow           Conj/Erth      92%        3d12      1%          3
c - Petrify               Tmut/Erth      50%        N/A       1%          4
z - Passwall              Tmut/Erth      41%        N/A       1%          2

Your spell library contained the following spells:

 Spells                   Type           Power      Damage    Failure   Level
 Shock                    Conj/Air       68%        1d7       1%          1
 Ozocubu's Armour         Ice            17%        N/A       3%          3
 Summon Guardian Golem    Hex/Summ       17%        N/A       3%          3
 Swiftness                Air            17%        N/A       3%          3
 Airstrike                Air            8%         2d(2-18)  12%         4
 Metabolic Englaciation   Hex/Ice        8%         N/A       30%         5
 Simulacrum               Ice/Necr       8%         N/A       83%         6
 Orb of Destruction       Conj           8%         9d6       100%        7
 Spellforged Servitor     Conj/Summ      8%         N/A       100%        7


Dungeon Overview and Level Annotations

Branches:
Dungeon (7/15)             Temple (0/1) D:7          Bailey (1/1)

Altars:
Elyvilon
Fedhas
Okawaru
Sif Muna
Zin
The Shining One

Shops:
D:3 (


Message History

The gnoll is heavily wounded.
The gnoll hits you from afar with a +0 trident. x2
You are too injured to fight recklessly!
Casting: Sandblast (safe; 1% risk of failure)
Confirm with . or Enter, or press ? or * to list all spells.
Aiming: Sandblast (safe; 1% risk of failure)
Press: ? - help, Shift-Dir - straight line, f/p - gnoll
Aim: a gnoll, wielding a +0 trident, wearing a +0 chain mail and quivering a throwing net (heavily wounded, 91% to hit)
The blast of sand hits the gnoll but does no damage.
The gnoll is heavily wounded.
The gnoll closely misses you.
The gnoll hits you from afar with a +0 trident.
The gnoll hits you from afar with a +0 trident!
* * * LOW HITPOINT WARNING * * *
The gnoll closely misses you.
You feel better.
The gnoll throws a throwing net.
The throwing net hits you.
You become entangled in the net!
The gnoll hits you but does no damage.
You are confused.
You feel invigorated.
The gnoll hits you from afar with a +0 trident. x2
The gnoll closely misses you.
The gnoll hits you from afar with a +0 trident.
* * * LOW HITPOINT WARNING * * *
The gnoll completely misses you. The gnoll hits you but does no damage.
The gnoll hits you from afar with a +0 trident. x2
* * * LOW HITPOINT WARNING * * *
The gnoll hits you from afar with a +0 trident.
* * * LOW HITPOINT WARNING * * *
The gnoll hits you but does no damage.
You struggle against the net.
The gnoll hits you from afar with a +0 trident.
The gnoll hits you from afar with a +0 trident!
* * * LOW HITPOINT WARNING * * *
The gnoll hits you from afar with a +0 trident.
* * * LOW HITPOINT WARNING * * *
The gnoll hits you from afar with a +0 trident.
* * * LOW HITPOINT WARNING * * *
The gnoll barely misses you.
The gnoll hits you from afar with a +0 trident!
You die...

...............
...............
≈≈≈≈≈≈...≈≈≈≈≈≈
...............
...........♣
♣.......♣ ♣.gg♣
♣♣.♣♣ ♣@♣ ♣∩♣
###


You could see 2 gnolls.

Vanquished Creatures
  Duvessa (D:5)
  3 black bears
  A sky beast (D:6)
  An ogre (D:6)
  The ghost of Heoruswealwe the Magician, an amateur DEEE (D:6)
  A necrophage (D:5)
  2 bullfrogs (D:6)
  A scorpion (D:6)
  Dowan (D:5)
  3 killer bees (D:5)
  2 jellies (D:6)
  2 hounds (Bailey)
  2 orc priests
  Crazy Yiuf (D:7)
  2 iguanas
  5 orc wizards
  9 adders
  3 gnolls (D:5)
  2 white imps (D:5)
  An ufetubus (D:5)
  4 worms
  A dart slug (D:1)
  18 orcs
  7 ball pythons
  5 bats
  11 endoplasms
  2 giant cockroaches (D:3)
  9 goblins
  8 hobgoblins
  5 kobolds
  4 quokkas
  4 frilled lizards
  6 rats
  25 bushes (D:5)
  A butterfly (D:5)
154 creatures vanquished.

Vanquished Creatures (others)
  A quokka (D:5)
  3 fungi (D:7)
4 creatures vanquished.

Grand Total: 158 creatures vanquished

Notes
Turn   | Place    | Note
-------+----------+-------------------------------------------
     0 | D:1      | Heoruswealwe the Deep Elf Earth Elementalist began the
                  | quest for the Orb.
     0 | D:1      | Reached XP level 1. HP: 10/10 MP: 6/6
   389 | D:1      | Reached XP level 2. HP: 15/15 MP: 5/8
   392 | D:1      | Learned a level 2 spell: Passwall
   905 | D:1      | Reached skill level 4 in Spellcasting
  1020 | D:2      | Reached XP level 3. HP: 19/19 MP: 7/10
  1024 | D:2      | Learned a level 3 spell: Stone Arrow
  1100 | D:2      | Found a faded altar of an unknown god.
  1561 | D:2      | Reached XP level 4. HP: 24/24 MP: 9/12
  1566 | D:2      | Learned a level 4 spell: Petrify
  1667 | D:2      | Prayed at the altar of an unknown god.
  1667 | D:2      | Became a worshipper of Sif Muna the Loreminder
  1667 | D:2      | Reached * piety under Sif Muna
  1750 | D:3      | Reached skill level 5 in Spellcasting
  2143 | D:3      | Reached skill level 5 in Earth Magic
  2143 | D:3      | Reached XP level 5. HP: 15/28 MP: 8/15
  2503 | D:3      | Found Cotepihax's Antique Weapon Boutique.
  2623 | D:3      | Identified the +2 robe of the Amoeba {Fly rElec rC+ Int+3}
  2699 | D:3      | Found a glowing silver altar of Zin.
  2699 | D:3      | Found a blossoming altar of Fedhas.
  2700 | D:3      | Found an iron altar of Okawaru.
  2716 | D:3      | Found a glowing golden altar of the Shining One.
  2871 | D:4      | Reached ** piety under Sif Muna
  2898 | D:4      | Reached skill level 6 in Spellcasting
  4065 | D:5      | Entered Level 5 of the Dungeon
  4120 | D:5      | Reached XP level 6. HP: 32/32 MP: 14/17
  4424 | D:5      | Reached skill level 7 in Spellcasting
  4478 | D:5      | Reached XP level 7. HP: 36/36 MP: 16/20
  4509 | D:5      | Noticed Dowan
  4510 | D:5      | Noticed Duvessa
  4522 | D:5      | Killed Duvessa
  4524 | D:5      | Killed Dowan
  4525 | D:5      | Reached skill level 8 in Spellcasting
  4818 | D:5      | Found a white marble altar of Elyvilon.
  5348 | D:6      | Reached skill level 9 in Spellcasting
  5348 | D:6      | Reached XP level 8. HP: 26/41 MP: 21/23
  6000 | D:6      | Reached skill level 10 in Spellcasting
  6007 | D:6      | Found a runed translucent door.
  6229 | D:6      | Noticed Heoruswealwe's ghost (amateur DEEE)
  6236 | D:6      | Killed Heoruswealwe's ghost
  6413 | D:7      | Found a flagged portal.
  6465 | D:7      | Found a runed translucent door.
  6466 | D:7      | Noticed Crazy Yiuf
  6471 | D:7      | Killed Crazy Yiuf
  6481 | D:7      | Identified the +5 hammer of Cakkyukkodd {flame, MP+9}
  6523 | Bailey   | Entered a bailey
  6544 | Bailey   | Slain by a gnoll

Illustrated notes

Levels and vault maps discovered:
D:1:      elethiomel_arrival_maze, layout_basic, nicolae_titane
D:2:      layout_basic, ebering_ecumenical_altar_ruins
D:3:      layout_loops_corners, nicolae_overflow_quartered_altars, serial_shops,
          nicolae_shop_advertising_works [nicolae_subvault_shop_adworks]
D:4:      layout_basic
D:5:      layout_basic, nicolae_elyvilon_peaceful_grove, lemuel_flamethrower_2,
          uniq_duvessa
D:6:      layout_basic, ebering_ghost_sewer_d, minmay_liquid_box
D:7:      layout_gridville, temple_doors_e, enter_bailey_6,
          nicolae_specific_store, uniq_crazy_yiuf_cottage
Bailey:   bailey_polearm_gnolls_kennysheep, bailey

Skill      XL: |  1  2  3  4  5  6  7  8 |
---------------+-------------------------+-----
Spellcasting   | 4 5 6 7 9 10 | 10.6
Earth Magic    | 4 5 6 7 9 |  9.2
Dodging        | |  2.4
Stealth        | |  2.4
Transmutations | |  1.1

Action                   |  1- 3 |  4- 6 |  7- 9 || total
-------------------------+-------+-------+-------++-------
Melee: Demon whip        |       |     8 |   293 ||   301
       Punch             |       |       |    12 ||    12
       Mace              |       |       |    11 ||    11
 Cast: Sandblast         |    45 |    81 |    56 ||   182
       Passwall          |     3 |     1 |     1 ||     5
  Use: Scroll            |       |    13 |     7 ||    20
       Potion            |       |       |     4 ||     4
Armor: Robe              |       |     5 |     8 ||    13
Dodge: Dodged            |     1 |    16 |    18 ||    35
